 Dungeon Crawl Stone Soup version 0.27.1-33-g824d729ab1 (webtiles) character file.

Game seed: 14522873621654377851

150 jlumianski the Skirmisher (level 5, 0/33 HPs)
             Began as a Gargoyle Monk on Dec 19, 2021.
             Killed from afar by an orc wizard (4 damage)
             ... with a magic dart
             ... on level 3 of the Dungeon.
             The game lasted 00:15:56 (3654 turns).

jlumianski the Skirmisher (Gargoyle Monk)           Turns: 3654, Time: 00:15:56

Health: 0/33       AC:  8    Str: 13 (15) XL:     5   Next: 32%
Magic:  5/5        EV: 12    Int: 10 (11) God:
Gold:   90         SH:  0    Dex: 10 (12) Spells: 2/4 levels left

rFire    . . .     SeeInvis .   a - +0 hand axe
rCold    . . .     Faith    .   (no shield)
rNeg     + + .     Spirit   .   b - +0 robe
rPois    ∞         Reflect  .   (no helmet)
rElec    +         Harm     .   (no cloak)
rCorr    .         Rampage  .   k - +1 pair of gloves
Will     .....                  (no boots)
Stlth    ++........             (no amulet)
HPRegen  0.11/turn              j - ring of positive energy
MPRegen  0.09/turn              (no ring)

@: flying
A: sickness immunity, AC +4, negative energy resistance 1, electricity
resistance, torment resistance 1, petrification resistance
a: no special abilities


You were on level 3 of the Dungeon.
You visited 1 branch of the dungeon, and saw 4 of its levels.

You collected 90 gold pieces.

Inventory:

Hand Weapons
 a - a +0 hand axe (weapon)
 h - a +0 hunting sling
Missiles
 e - 21 sling bullets
 f - 72 stones (quivered)
 i - 19 bolts
Armour
 b - a +0 robe (worn)
 d - a +0 chain mail
 k - a +1 pair of gloves (worn)
Jewellery
 j - a ring of positive energy (left hand)
Potions
 g - a potion of mutation
 o - a potion of might {unknown}


   Skills:
 + Level 4.0 Fighting
 + Level 3.7 Axes
 + Level 1.5 Slings
 + Level 0.5 Armour
 + Level 2.8 Dodging
 + Level 2.3 Stealth
 * Level 1.0 Transmutations


You had 2 spell levels left.
You knew the following spells:

 Your Spells              Type           Power      Damage    Failure   Level
a - Wereblood             Tmut           2%         N/A       36%         2

Your spell library contained the following spells:

 Spells                   Type           Power      Damage    Failure   Level
 Beastly Appendage        Tmut           4%         N/A       26%         1
 Spider Form              Tmut/Pois      0%         N/A       67%         3
 Ignite Poison            Fire/Tmut/Pois 0%         N/A       69%         3
 Mephitic Cloud           Conj/Pois/Air  0%         N/A       75%         3
 Bolt of Magma            Conj/Fire/Erth 0%         4d4       100%        5


Dungeon Overview and Level Annotations

Branches:
Dungeon (4/15)
 Temple: D:4-7

Altars:
Kikubaaqudgha


Innate Abilities, Weirdness & Mutations

You are immune to sickness and miasma.
Your stone body is resilient. (AC +4)
You are immune to poison.
You resist negative energy. (rN+)
You are resistant to electric shocks. (rElec)
You are resistant to unholy torment.
You are immune to petrification.


Message History

The orc wizard closely misses you. The orc wizard casts a spell at you.
The puff of flame hits you!
* * * LOW HITPOINT WARNING * * *
You're too confused to move!
The orc wizard closely misses you.
It was a potion of degeneration.
There was something very wrong with that liquid.
You feel weakened.
You feel dopey.
You feel clumsy. The orc wizard misses you.
It was a potion of flight.
You feel very buoyant.
You fly up into the air.
You feel less confused.
The orc wizard hits you with a +2 dagger of speed.
* * * LOW HITPOINT WARNING * * *
The orc wizard hits you but does no damage.
You completely miss the orc wizard.
The orc wizard is heavily wounded.
The orc wizard gestures at you while chanting.
The puff of flame misses you.
You closely miss the orc wizard.
The orc wizard is heavily wounded.
Your primal bloodlust has ended.
The orc wizard gestures at you while chanting.
You resist with some effort.
You hit the orc wizard.
The orc wizard is almost dead.
The orc wizard closely misses you.
The orc wizard hits you with a +2 dagger of speed.
* * * LOW HITPOINT WARNING * * *
You closely miss the orc wizard.
The orc wizard is almost dead.
The orc wizard gestures at you while chanting.
You resist with some effort.
You barely miss the orc wizard.
The orc wizard is almost dead.
The orc wizard hits you but does no damage.
The orc wizard casts a spell at you. The magic dart hits you.
You die...

...............##..#.#+#....<....
8##...##8###8####....#...........
###...#### ###. .....###.###.....
.#8...8#... #..)...#.# #.........
.##...## ..#..###.#.# ######....
.##...# .......#'#......'....
.##...## #.........######....
.#8...8# #.o.......# #.....).
.##...## #..@......# #.##..).
......# #.........# #.##....
####### ##....#...# #.##....
#.#..# ### #.##....
#############.#.># #.##....
#.............#### #.######
#.######################.# #.#
#............#
#.###########.############


You could see an orc wizard.

Vanquished Creatures
  An adder (D:4)
  7 gnolls
  2 worms
  8 orcs
  4 ball pythons
  2 bats
  4 endoplasms
  4 giant cockroaches (D:2)
  6 goblins
  7 hobgoblins
  3 quokkas
  2 frilled lizards (D:2)
  3 kobolds
  6 rats
59 creatures vanquished.

Notes
Turn   | Place    | Note
-------+----------+-------------------------------------------
     0 | D:1      | jlumianski the Gargoyle Monk began the quest for the Orb.
     0 | D:1      | Reached XP level 1. HP: 14/14 MP: 1/1
   405 | D:1      | Reached XP level 2. HP: 19/19 MP: 2/2
   443 | D:1      | Found a faded altar of an unknown god.
  1046 | D:2      | You fall into a shaft and drop 1 floor!
  1082 | D:2      | Reached XP level 3. HP: 12/24 MP: 3/3
  1085 | D:2      | Learned a level 2 spell: Wereblood
  1282 | D:2      | Found an ancient bone altar of Kikubaaqudgha.
  1580 | D:1      | Reached skill level 1 in Slings
  1604 | D:1      | Reached XP level 4. HP: 11/29 MP: 4/4
  2067 | D:2      | You fall into a shaft and drop 2 floors!
  2101 | D:4      | HP: 1/29 [gnoll (7)]
  2396 | D:4      | Reached XP level 5. HP: 20/33 MP: 5/5
  2725 | D:2      | Reached skill level 4 in Fighting
  3390 | D:3      | Reached skill level 1 in Transmutations
  3654 | D:3      | Killed from afar by an orc wizard

Illustrated notes

Levels and vault maps discovered:
D:1:      scummos_arrival_gate, layout_basic,
          shapermc_ecumenical_altar_notcrosses
D:2:      layout_basic, basic_altar, minmay_worlds_worst_comb
D:3:      layout_basic, serial_corexii_hall, corexii_hall_statues_x,
          corexii_hall_statues_i
D:4:      layout_basic, grunt_temple_overflow_open,
          minmay_temple_entry_glassed_door, portal_sewer_entry_d,
          serial_bayou_pond_d, minmay_fountain_box

Skill      XL: |  1  2  3  4  5 |
---------------+----------------+-----
Axes           | 3 |  3.7
Slings         | 1 |  1.5
Fighting       | 4 |  4.0
Transmutations | 1 |  1.0
Armour         | |  0.5
Dodging        | |  2.8
Stealth        | |  2.3

Action                   |  1- 3 |  4- 6 || total
-------------------------+-------+-------++-------
Melee: Hand axe          |    90 |   148 ||   238
 Fire: Hunting sling     |    20 |     2 ||    22
 Cast: Wereblood         |       |     6 ||     6
  Use: Potion            |       |     6 ||     6
       Scroll            |       |     4 ||     4
 Stab: Sleeping          |       |     1 ||     1
Armor: Chain mail        |    64 |    67 ||   131
       Robe              |     1 |    31 ||    32
Dodge: Dodged            |    40 |   102 ||   142
